 Dungeon Crawl Stone Soup version 0.17.1-3-g152610e (webtiles) character file.

116 juanjsm the Skirmisher (level 5, 0/33 HPs)
             Began as a Gargoyle Fighter on Apr 27, 2016.
             Was an Initiate of Okawaru.
             Slain by a gnoll
             ... wielding a +0 halberd
              (9 damage)
             ... on level 3 of the Dungeon.
             The game lasted 00:09:21 (1574 turns).

juanjsm the Skirmisher (Gargoyle Fighter)           Turns: 1574, Time: 00:09:21

Health: 0/33       AC: 11    Str: 21    XL:     5   Next: 1%
Magic:  5/5        EV:  8    Int:  8    God:    Okawaru [......]
Gold:   89         SH:  9    Dex:  9    Spells: 0 memorised, 4 levels left

rFire  . . .     SeeInvis .     a - +0 flail
rCold  . . .     Clarity  .     b - +0 scale mail
rNeg   + . .     SustAt   .     c - +0 shield
rPois  ∞         Gourm    .     (no helmet)
rElec  +         Spirit   .     (no cloak)
rCorr  .         Warding  .     (no gloves)
rMut   .         Stasis   .     (no boots)
MR     .....                    g - amulet of regeneration
Stlth  ..........               (no ring)
                                (no ring)

@: not resistant to hostile enchantments, extremely unstealthy
A: negative energy resistance 1, electricity resistance, unbreathing,
petrification resistance, rot immunity, AC +4
a: Renounce Religion


You were on level 3 of the Dungeon.
You worshipped Okawaru.
Okawaru was noncommittal.
You were not hungry.

You visited 1 branch of the dungeon, and saw 3 of its levels.

You collected 89 gold pieces.

Inventory:

Hand Weapons
 a - a +0 flail (weapon)
Missiles
 s - 16 arrows of dispersal
Armour
 b - a +0 scale mail (worn)
 c - a +0 shield (worn)
Jewellery
 g - an amulet of regeneration (around neck)
Scrolls
 f - 3 scrolls of identify {unknown}
 k - a scroll of fear {unknown}
 n - 3 scrolls of remove curse {unknown}
 q - a scroll of noise {unknown}
 r - 3 scrolls of teleportation {unknown}
 u - a scroll of recharging {unknown}
Potions
 i - 3 potions of curing {unknown}
 j - a potion of magic {unknown}
 m - a potion of flight {unknown}
 o - a potion of resistance {unknown}
 p - a potion of agility {unknown}
 t - 2 potions of heal wounds {unknown}
Comestibles
 e - 2 bread rations
 h - 4 fruits
 l - 2 meat rations


   Skills:
 * Level 4.1 Fighting
 * Level 2.6 Maces & Flails
 * Level 4.0 Armour
 + Level 1.2 Dodging
 + Level 4.0 Shields


You had 4 spell levels left.
You didn't know any spells.

Dungeon Overview and Level Annotations

Branches:
Dungeon (3/15)

Altars:
Ashenzari
Cheibriados
Dithmenos
Fedhas
Okawaru
Yredelemnul

Annotations:
D:3 senseless's ghost, amateur MiFi


Innate Abilities, Weirdness & Mutations

You are resistant to torment.
Your stone body is resilient (AC +4).
You are immune to poison.
You resist negative energy.
You are resistant to electric shocks.
You can survive without breathing.
You are immune to petrification.
You are immune to rotting.


Message History

You closely miss the gnoll. The bat closely misses you.
The gnoll barely misses you. You block the gnoll's attack.
You block the gnoll's attack.
You hit the gnoll but do no damage. You block the bat's attack.
The bat hits you but does no damage. The gnoll hits you with a club.
The gnoll barely misses you. You block the gnoll's attack.
The gnoll hits you but does no damage. The gnoll hits you with a club.
You thump the gnoll!
The gnoll is severely wounded.
You block the bat's attack. The gnoll barely misses you.
You block the gnoll's attack. The gnoll hits you with a club.
Your shield and scale mail prevent you from hitting the gnoll.
The gnoll is severely wounded.
You block the bat's attack. The adder closely misses you.
The gnoll barely misses you. The gnoll hits you with a spear.
* * * LOW HITPOINT WARNING * * *
The adder bites you but does no damage. You block the gnoll's attack.
The bat hits you but does no damage.
The gnoll hits you from afar with a halberd!
You die...

.... ####..##...###g........
.....##....##.....
#.#..####. .....#....##
......#.#K.# #. #........#
.._.......###### #.......###
....S.#.....r...
#.........##.....##...###K..
#......###.##...####..# ####
#........b..#####.....######
#.....#.###@S...............
#.....### #..g..####........
#....# ##gg....##........
#...# #g####..#........ ####


gl. #.#........ ...## #.#...####. g...# #.<#..#.### .8.#.# ##.#.##_.≈# ...##.#
....#8...§ You could see 3 gnolls, an adder, a giant gecko, a goblin and a bat.

Vanquished Creatures
  2 gnolls (D:3)
  4 adders
  2 oozes (D:1)
  2 worms (D:2)
  5 giant geckos
  4 bats
  4 giant cockroaches (D:2)
  3 goblins (D:2)
  7 hobgoblins
  2 jackals (D:3)
  4 kobolds
  5 rats
44 creatures vanquished.

Notes
Turn   | Place    | Note
--------------------------------------------------------------
     0 | D:1      | juanjsm the Gargoyle Fighter began the quest for the Orb.
     0 | D:1      | Reached XP level 1. HP: 14/14 MP: 1/1
   138 | D:2      | Reached XP level 2. HP: 16/19 MP: 2/2
   277 | D:1      | Reached XP level 3. HP: 21/23 MP: 3/3
   390 | D:1      | Found a shattered altar of Ashenzari.
   867 | D:2      | Found a shadowy altar of Dithmenos.
   990 | D:2      | Reached skill level 4 in Fighting
   990 | D:2      | Reached XP level 4. HP: 29/29 MP: 4/4
  1217 | D:3      | Found a basalt altar of Yredelemnul.
  1217 | D:3      | Found an iron altar of Okawaru.
  1222 | D:3      | Became a worshipper of Warmaster Okawaru
  1229 | D:3      | Noticed senseless's ghost (amateur MiFi)
  1241 | D:3      | Found a snail-covered altar of Cheibriados.
  1255 | D:3      | Reached skill level 1 in Dodging
  1327 | D:3      | Found a blossoming altar of Fedhas.
  1529 | D:3      | Reached XP level 5. HP: 33/33 MP: 5/5
  1574 | D:3      | Slain by a gnoll

Action                   |  1- 3 |  4- 6 || total
-------------------------+-------+-------++-------
Melee: Flail             |    86 |   162 ||   248
  Use: Potion            |       |     1 ||     1
  Eat: Pizza             |     1 |       ||     1
       Meat ration       |       |     1 ||     1
